Unix NetHack Version 5.0.0-0 post-release - last build May 17 2026 04:57:42 (dc50c8380fa5e20985bfe3072449f57b8d9895ef,branch:main).

Game began 2026-05-21 13:32:39, ended 2026-05-22 01:39:16.

ArrBianca, lawful female dwarven Valkyrie

 ............................}}}...................................}}}}}......
 ..........................}}}}}...................................}}}}}......
 .........^................}}}}}..................................}}}}}}......
 ..........................}}}......................................}.........
 .......................................}}}...................................
 .......................................}}}...................................
 ................................------------------...........................
 ................................|................|}...............}}}........
 ......................}}........|.......@........|.}..............}}}........
 ......................}}}}............@....@.^..............}.....}}}........
 .......................}}}......|........@@@.....|.}.........................
 .......................}}}......|..........@.....|...........................
}}}.....................}}}......------------------...........................
}}}...........................................................................
}}}................................................}}}....}}}.................
 ..................................................}}}....}}}.................
 ..................................................}}}....}}..................
 ......................{......}}}...}.........................................
 .............................}}}.........................>................}}}
 .............................}}}..........................................}}}
 ..........................................................................}}}
ArrBianca the Woman-at-arms  St:17 Dx:15 Co:18 In:8 Wi:14 Ch:11  Lawful
Home 1 $:496 HP:0(97) Pw:16(16) AC:0  Xp:10 T:13933 

Latest messages:
 @        a human or elf (peaceful warrior) [seen: normal vision, infravision]
 A tower of flame erupts from the ice under the invisible large cat!
 The ice crackles and melts.  The invisible large cat drowns.
 You swap places with the peaceful warrior.  The fire giant throws a boulder!
 You are hit by a boulder!  Valkyrie, all your powers will be lost...
 Talk to whom? (in what direction) l
 "I would deal with this foul Lord Surtur myself, but Tyr forbids it."
 The fire giant picks up a boulder.
 You can no longer see through yourself.
 A tower of flame erupts from the ice!  Your boots smoulder further!
 The ice crackles and melts.  You fall into the moat!  You sink like a rock.
 Your dwarvish spear rusts further!  Your potion of see invisible dilutes.
 Your ruby potion dilutes.  Your potions of speed dilute.
 Your scrolls of teleportation fade.  Your lamp goes out!  Your knife rusts!
 Your potion called booze dilutes.  You try to crawl out of the water.
 Pheew!  That was close.
 Restoring save file...
 Velkommen ArrBianca, the dwarven Valkyrie, welcome back to NetHack!
 The warrior zaps herself with a pine wand!
 The warrior is suddenly moving faster.
 A tower of flame erupts from the floor!
 Your diluted potion called booze boils and explodes!
 You feel somewhat dizzy.
 Your lamp catches light!
 You hit the warrior.
 The warrior gets angry!
 The warrior gets angry!
 The warrior gets angry!
 The warrior gets angry!
 The warrior gets angry!
 The Norn gets angry!
 The warrior wields a short sword!
 The warrior thrusts her short sword.
 The warrior hits!
 The warrior wields a bow!
 The warrior shoots an arrow!
 The arrow hits the warrior.
 You feel less confused now.
 A tower of flame erupts from the floor!
 Valkyrie, all your powers will be lost...
 Your wooden shield smoulders completely!
 One of your diluted potions of speed boils and explodes!
 The warrior thrusts her short sword.
 The warrior hits!
 You die...
 Do you want your possessions identified? [ynq] (y) y
 Do you want to see your attributes? [ynq] (y) y
 Do you want an account of creatures vanquished? [ynaq] (y) y
 Do you want to see your conduct and achievements? [ynq] (y) y
 Do you want to see the dungeon overview? [ynq] (y) y

Inventory:
 Coins    ('$')
  $ - 496 gold pieces
 Weapons  (')')
  a - a very rusty +1 dwarvish spear (weapon in right hand)
  b - a +1 elven dagger (at the ready)
  O - a rusty +2 knife
  r - a cursed -3 bullwhip
 Armor    ('[')
  E - an uncursed +0 elven leather helm (being worn)
  g - an uncursed +0 pair of leather gloves (being worn)
  A - an uncursed very burnt +0 pair of elven boots (being worn)
  c - an uncursed thoroughly burnt +3 small shield (being worn)
  L - an uncursed +0 cloak of invisibility
  h - an uncursed +0 T-shirt with text "Oracle(TM) Fountains 10th Annual Wet T-Shirt Contest"
  s - an uncursed +0 elven mithril-coat (being worn)
 Comestibles  ('%')
  d - 8 uncursed food rations
  D - an uncursed lembas wafer
 Scrolls  ('?')
  C - 2 uncursed scrolls of blank paper
 Potions  ('!')
  e - an uncursed diluted potion of see invisible
  n - a cursed diluted potion of sleeping
  y - an uncursed diluted potion of speed
 Rings    ('=')
  m - an uncursed +1 ring of gain constitution
  V - a cursed ring of levitation
  i - an uncursed ring of poison resistance
  l - a cursed ring of protection from shape changers
 Wands    ('/')
  K - a wand of light (0:10)
  p - a wand of make invisible (0:1)
  o - a wand of opening (0:6)
  q - a wand of stasis (0:3)
 Tools    ('(')
  P - an uncursed bugle
  S - an uncursed blindfold
  H - an uncursed oil lamp (lit)
  k - an uncursed skeleton key
  N - an uncursed skeleton key
  j - an uncursed tin whistle
  M - an uncursed tin whistle
  f - a +0 unicorn horn

ArrBianca the Valkyrie's attributes:

Background:
 You were a Woman-at-arms, a level 10 dwarven Valkyrie.
 You were lawful, on a mission for Tyr
 who was opposed by Odin (neutral) and Loki (chaotic).
 You were right-handed.
 You were in the Quest, on level 1.
 You entered the dungeon 13933 turns ago.
 It was nighttime.
 You had 8801 experience points, 1199 more were needed to attain level 11.

Basics:
 You had 0 out of 97 hit points.
 You had all 16 energy points (spell power).
 Your armor class was 0.
 Your wallet contained 496 zorkmids.
 Autopickup was on for '$?!/="+%' plus thrown, with exceptions.

Final Characteristics:
 Your strength was 17 (limit:18/100).
 Your dexterity was 15 (limit:20).
 Your constitution was 18 (limit:20).
 Your intelligence was 8 (limit:16).
 Your wisdom was 14 (limit:16).
 Your charisma was 11 (limit:16).

Final Status:
 You weren't hungry.
 You were unencumbered.
 You were wielding a spear.
 You had expert skill with spear.

Final Attributes:
 You were piously aligned.
 You were cold resistant.
 You were poison resistant.
 You saw invisible.
 You were telepathic.
 You had infravision.
 You were stealthy.
 You were guarded.
 Your spell casting was impaired by metallic armor.
 You were very fast.
 You are dead.

Miscellaneous:
 You encountered 2 bones levels.
 Total elapsed playing time was 2 hours, 56 minutes and 3 seconds.

Major events:
 Turn
    1: ArrBianca the lawful dwarven Valkyrie entered the dungeon
 1347: attained the rank of Skirmisher (level 3)
 3852: attained the rank of Fighter (level 6)
 4918: entered the Gnomish Mines
 6928: reached Mine Town
 7986: attained the rank of Woman-at-arms (level 10)
 9401: entered Sokoban
 9609: completed 1st Sokoban level
10002: completed 2nd Sokoban level
10358: completed 3rd Sokoban level
13767: entered Home 1, the Quest
13933: killed by a warrior

Spells:
 Name                 Level Category     Fail Retention
 detect monsters        1   divination   100%   51%-75%
 cure sickness          3   healing      100%   51%-75%
 wizard lock            2   matter       100%  76%-100%

Skills:
 Fighting Skills
   bare handed combat [Unskilled]
   two weapon combat  [Unskilled]
   riding             [Unskilled]
 Weapon Skills
   dagger             [Basic]
   axe                [Unskilled]
   pick-axe           [Unskilled]
   short sword        [Unskilled]
   broadsword         [Unskilled]
   long sword         [Unskilled]
   two-handed sword   [Unskilled]
   saber              [Unskilled]
   hammer             [Unskilled]
   quarterstaff       [Unskilled]
   polearms           [Unskilled]
   spear              [Expert]
   trident            [Unskilled]
   lance              [Unskilled]
   sling              [Unskilled]
 Spellcasting Skills
   attack spells      [Unskilled]
   escape spells      [Unskilled]

Voluntary challenges:
 Character rerolling was not enabled.
 You never genocided any monsters.
 You never polymorphed an object.
 You used no wishes.
 You did not violate any of the special Sokoban rules.
Achievements:
 You attained the rank of Skirmisher.
 You attained the rank of Fighter.
 You entered the Gnomish Mines.
 You entered Minetown.
 You entered a temple.
 You entered a shop.
 You attained the rank of Woman-at-arms.
 You entered Sokoban.

 The Dungeons of Doom: levels 1 to 13
    Level 1:
       Some fountains, a sink.
    Level 2:
       A fountain.
    Level 3:
    Level 4:
       An altar.
       Stairs down to The Gnomish Mines.
    Level 5:
    Level 6:
       Many fountains.
    Level 7:
       A fountain.
       Stairs up to Sokoban, level 6.
    Level 8:
       A fountain, a sink.
    Level 9:
       Some fountains.
    Level 10:
       A fountain.
    Level 11: "stash"
       A fountain.
    Level 12:
       Some fountains.
    Level 13:
       Summoned by the Norn.
       Portal to The Quest.
 The Gnomish Mines: levels 5 to 12
    Level 5:
    Level 6:
       Final resting place for
          Drastanta-Sam-Hum-Fem-Law, killed by a gnome lord.
    Level 7:
    Level 8:
       Many shops, a temple and an altar to Tyr, some fountains.
       Final resting place for
          Grufus-Val-Dwa-Fem-Law, killed by a water moccasin.
    Level 9:
    Level 10:
    Level 11:
    Level 12:
 The Quest:
    Level 1: <- You were here.
       A fountain.
       Home.
       Final resting place for
          you, killed by a warrior.
 Sokoban: levels 6 up to 3
    Level 3:
       Unsolved.
    Level 4:
       Solved.
    Level 5:
       Solved.
    Level 6:
       Solved.


Vanquished creatures:
  2 ghosts
  a flesh golem
  2 large mimics
  a stalker
  a sergeant
  2 small mimics
  a warhorse
 an ogre leader
  a gelatinous cube
  a freezing sphere
  a flaming sphere
  a shocking sphere
  a large cat
  2 tigers
  a gargoyle
  a leocrotta
 an elf mummy
  a red naga
  a wraith
  3 Grey-elves
  3 watchmen
 an amorous demon
  2 chameleons
  a giant beetle
  a quivering blob
  6 cockatrices
  a wolf
  2 winter wolf cubs
  3 panthers
  4 leprechauns
  3 giant spiders
  a horse
  2 black lights
  2 gnome rulers
  a dwarf mummy
  3 owlbears
  a werewolf
  3 Green-elves
  4 lizards
  3 dingoes
  2 dogs
  a housecat
  a jaguar
  a black unicorn
  a dust vortex
  a raven
  a gnome mummy
  6 water moccasins
  2 apes
  3 human zombies
  a rope golem
  a Woodland-elf
 11 fire ants
  a bugbear
  a water nymph
  a mountain nymph
 an orc shaman
  a rock piercer
  3 rock moles
  2 yellow lights
  3 shriekers
  3 gnome leaders
  a gnomish wizard
  3 gray oozes
  2 elf zombies
  a ghoul
  4 giant ants
  2 little dogs
  3 floating eyes
  a kitten
  a dwarf
  5 homunculi
  7 rothes
  2 centipedes
  3 giant bats
  a monkey
  6 orc zombies
  2 dwarf zombies
  5 iguanas
 26 killer bees
  2 acid blobs
  3 coyotes
  2 gas spores
  5 hobbits
  6 manes
  a large kobold
  3 hobgoblins
  5 giant rats
  4 cave spiders
  3 yellow molds
  a green mold
  2 red molds
 10 gnomes
 11 garter snakes
  3 gnome zombies
  8 geckos
 11 jackals
  2 foxes
  4 kobolds
  2 goblins
  2 sewer rats
  4 grid bugs
  6 lichens
  2 kobold zombies
  9 newts
307 creatures vanquished.

No species were genocided or became extinct.

Game over:
                       ----------
                      /          \
                     /    REST    \
                    /      IN      \
                   /     PEACE      \
                  /                  \
                  |    ArrBianca     |
                  |      496 Au      |
                  |   killed by a    |
                  |     warrior      |
                  |                  |
                  |                  |
                  |       2026       |
                 *|     *  *  *      | *
        _________)/\\_//(\/(/\)/\//\/|_)_______

Farvel ArrBianca the Valkyrie...

You died in The Quest on dungeon level 1 with 26405 points,
and 496 pieces of gold, after 13933 moves.
You were level 10 with a maximum of 97 hit points when you died.

